 Dungeon Crawl Stone Soup version 0.24-a0-244-ga6a6ab7 (webtiles) character file.

Game seed: 4767068517486754774

285 BobJohnson the Chopper (level 6, -13/55 HPs)
             Began as a Hill Orc Fighter on Apr 12, 2019.
             Mangled by Pikel
             ... wielding a +1 whip of electrocution
              (14 damage)
             ... on level 4 of the Dungeon on Oct 31, 2020.
             The game lasted 00:09:25 (2487 turns).

BobJohnson the Chopper (Hill Orc Fighter)           Turns: 2487, Time: 00:09:26

Health: -13/55     AC: 11    Str: 26    XL:     6   Next: 29%
Magic:  6/6        EV:  8    Int:  8    God:
Gold:   134        SH: 10    Dex: 10    Spells: 5/5 levels left

rFire    . . .     SeeInvis .   a - +0 war axe
rCold    . . .     Gourm    .   c - +0 shield
rNeg     . . .     Faith    .   b - +0 scale mail
rPois    .         Spirit   .   (no helmet)
rElec    .         Reflect  .   i - +0 cloak
rCorr    .         Harm     .   (no gloves)
MR       .....                  j - +2 pair of boots
Stlth    ..........             n - amulet of magic regeneration
HPRegen  0.18/turn              (no ring)
MPRegen  0.35/turn              (no ring)

@: mighty
A: no striking features
a: no special abilities


You were on level 4 of the Dungeon.
You were hungry.

You visited 1 branch of the dungeon, and saw 4 of its levels.

You collected 134 gold pieces.

Inventory:

Hand Weapons
 a - a +0 war axe (weapon)
Missiles
 o - 3 throwing nets (quivered)
Armour
 b - a +0 scale mail (worn)
 c - a +0 shield (worn)
 i - a +0 cloak (worn)
 j - a +2 pair of boots (worn)
Jewellery
 g - a cursed -2 ring of strength {unknown}
 k - an uncursed ring of fire {unknown}
 n - an amulet of magic regeneration (around neck)
Wands
 u - a wand of iceblast (8)
Scrolls
 h - a scroll of blinking
 t - a scroll of enchant weapon {unknown}
 w - a scroll of remove curse {unknown}
 y - a scroll of fear {unknown}
 z - a scroll of immolation {unknown}
Potions
 e - a potion of cancellation
 l - a potion of berserk rage {unknown}
 m - a potion of heal wounds
 p - a potion of haste {unknown}
 q - a potion of agility {unknown}
 r - a potion of resistance {unknown}
 s - a potion of mutation {unknown}
 v - a potion of curing {unknown}
 x - a potion of brilliance {unknown}
Comestibles
 f - 10 rations


   Skills:
 + Level 4.8 Fighting
 * Level 5.4 Axes
 + Level 4.4 Armour
 - Level 0.3 Dodging
 + Level 4.6 Shields


You had 5 spell levels left.
You didn't know any spells.
Your spell library was empty.

Dungeon Overview and Level Annotations

Branches:
Dungeon (4/15)
 Temple: D:4-7

Altars:

Annotations:
D:4 Pikel


Message History

Pikel is heavily wounded.
Pikel hits you but does no damage.
You closely miss Pikel.
Pikel is heavily wounded.
You block Pikel's attack.
You slice Pikel!!
Pikel is almost dead.
Pikel hits you but does no damage.
You are electrocuted!
* * * LOW HITPOINT WARNING * * *
Pikel drinks a potion.
Pikel is healed!
You miss Pikel.
Pikel is moderately wounded.
Pikel hits you but does no damage.
You slash Pikel!
Pikel is severely wounded.
Pikel barely misses you.
You hit Pikel.
Pikel is severely wounded.
Pikel hits you but does no damage.
You are electrocuted!
You die...

...%..pK###... #)).......
..........#......... #...<.....
....................###.........
....<...#..#... ....#)..........
........#..... ..#.#)#.........
.......O#.#p. ........#.........
..........#.# #.....###.........
....$...?..#.####..#. ####.#.###
............pOpK@..# #.#.#
............#p####.# #.#.#
..............# #.#.## #.#.#
#...####..######..#..# #.#.#
###..#...## #....#.# #.#.#
#.....## #.##.#.#####.#.##
#[###.# #.##...#...#.#..# ..
#.#### #.#..........##.# #
###....####............#..#


You could see Pikel, an ogre and 3 slaves.

Vanquished Creatures
  A slave (D:4)
  An orc priest (D:4)
  Terence (D:2)
  10 gnolls
  3 adders (D:3)
  An ooze (D:2)
  3 worms (D:2)
  8 dart slugs
  2 leopard geckos
  5 orcs
  6 giant cockroaches
  4 goblins
  6 hobgoblins
  2 jackals (D:2)
  6 bats
  7 frilled lizards
  6 kobolds
  13 rats
85 creatures vanquished.

Notes
Turn   | Place    | Note
-------+----------+-------------------------------------------
     0 | D:1      | BobJohnson the Hill Orc Fighter began the quest for the
                  | Orb.
     0 | D:1      | Reached XP level 1. HP: 19/19 MP: 1/1
    85 | D:1      | Reached XP level 2. HP: 27/27 MP: 2/2
   243 | D:1      | Reached skill level 3 in Axes
   345 | D:1      | Reached XP level 3. HP: 30/33 MP: 3/3
   878 | D:2      | Reached XP level 4. HP: 33/40 MP: 4/4
  1331 | D:2      | Noticed Terence
  1346 | D:2      | Reached skill level 4 in Axes
  1352 | D:2      | Killed Terence
  1352 | D:2      | Reached XP level 5. HP: 32/46 MP: 5/5
  1600 | D:3      | Reached skill level 5 in Axes
  2178 | D:4      | Reached XP level 6. HP: 36/53 MP: 6/6
  2459 | D:4      | Noticed a slave
  2459 | D:4      | Noticed a slave
  2459 | D:4      | Noticed a slave
  2461 | D:4      | Noticed Pikel
  2461 | D:4      | Noticed a slave
  2477 | D:4      | Killed a slave
  2484 | D:4      | HP: 1/55 [Pikel/+1 whip of electrocution (17)]
  2487 | D:4      | Mangled by Pikel

Levels and vault maps discovered:
D:1:      dpeg_arrival_ratfight, layout_loops_ring
D:2:      layout_loops_ring, uniq_terence
D:3:      layout_rooms, first_ration
D:4:      layout_rooms, led_sif_book, minmay_temple_entry_mini_moons,
          chequers_arboretum, serial_park_tiny_pond, uniq_pikel

Skill      XL: |  1  2  3  4  5 |
---------------+----------------+-----
Axes           | 3 4 5 |  5.4
Fighting       | 4 |  4.8
Shields        | 4 |  4.6
Armour         | 4 |  4.4
Dodging        | |  0.3

Action                   |  1- 3 |  4- 6 || total
-------------------------+-------+-------++-------
Melee: War axe           |   120 |   173 ||   293
  Use: Scroll            |     5 |     1 ||     6
       Potion            |       |     1 ||     1
  Eat: Chunk             |       |     5 ||     5
Armor: Scale mail        |    58 |    99 ||   157
Dodge: Dodged            |    32 |    55 ||    87
Block: Shield            |    68 |    92 ||   160

Table legend:
 A = Non-vault XP
 B = Vault XP
 C = Vault XP percentage of total XP
 D = Non-vault monster count
 E = Vault monster count
 F = Vault count percentage of total count
                 A         B        C        D         E       F
            +---------+---------+-------+---------+---------+-------
      Total |     367 |      41 |  10.0 |      78 |       6 |   7.1
            +---------+---------+-------+---------+---------+-------
        D:1 |      46 |       5 |   9.8 |      22 |       5 |  18.5
        D:2 |      95 |      36 |  27.5 |      24 |       1 |   4.0
        D:3 |     133 |       0 |   0.0 |      25 |       0 |   0.0
        D:4 |      93 |       0 |   0.0 |       7 |       0 |   0.0
            +---------+---------+-------+---------+---------+-------
